 Dungeon Crawl Stone Soup version 0.21-a0-401-g0b6bec4 (webtiles) character file.

93045 Hasart the Maledictor (level 15, -5/64 HPs)
             Began as a Felid Enchanter on Oct 23, 2017.
             Was a High Priest of Sif Muna.
             Slain by a hand axe of electrocution (11 damage)
             ... on level 2 of the Elven Halls on Oct 24, 2017.
             The game lasted 02:01:08 (40763 turns).

Hasart the Maledictor (Felid Enchanter)            Turns: 40763, Time: 02:01:09

Health: -5/64      AC:  3    Str: 10    XL:     15   Next: 59%
Magic:  29/36      EV: 30    Int: 28    God:    Sif Muna [*****.]
Gold:   1085       SH:  0    Dex: 25    Spells: 8/35 levels left
                                        Lives:  0   Deaths: 4

rFire    + + +     SeeInvis +     - Unarmed
rCold    + + .     Gourm    .   (shield unavailable)
rNeg     + . .     Faith    .   (armour unavailable)
rPois    +         Spirit   .   (helmet unavailable)
rElec    .         Reflect  .   (cloak unavailable)
rCorr    .         Harm     .   (gloves unavailable)
MR       +++++                  (boots unavailable)
Stlth    +++++++...             k - amulet "Rusche" {Fragile rF+++ Regen+ Int+4 SInv}
HPRegen  0.60/turn              y - ring of Xuyf Zidiho {rF+ MP+9 Dex+5 SInv}
MPRegen  0.25/turn              F - ring of Fun {*Drain rN+ MR+++ Str+6}

@: very slightly contaminated, invisible, quick
A: no armour, no weapons or thrown items, stealth, claws 1, fangs 3, see
invisible, agile 1, carnivore 3, clever 1, cold resistance 1, speed 1, low mp 1,
poison resistance, shaggy fur 3, slow metabolism 1, wild magic 1, sharp paws
a: Divine Energy, Channel Magic, Forget Spell, Renounce Religion


You were on level 2 of the Elven Halls.
You worshipped Sif Muna.
Sif Muna was extremely pleased with you.
You were completely stuffed.

You visited 5 branches of the dungeon, and saw 26 of its levels.
You also visited: Labyrinth and Bailey.

You collected 2464 gold pieces.
You spent 1379 gold pieces at shops.

Inventory:

Jewellery
 c - an uncursed ring of poison resistance
 k - the amulet "Rusche" (around neck) {Fragile rF+++ Regen+ Int+4 SInv}
   (You bought it in a shop on level 7 of the Dungeon)

   [amulet of regeneration]

   It affects your intelligence (+4).
   It renders you almost immune to fire.
   It lets you see invisible.
   It increases your rate of regeneration.
   It will be destroyed if unequipped.
 r - an uncursed ring of fire
 u - an uncursed ring of flight
 x - an uncursed ring of protection from cold
 y - the ring of Xuyf Zidiho (left paw) {rF+ MP+9 Dex+5 SInv}
   (You found it on level 5 of the Lair of Beasts)

   [ring of magical power]

   It affects your dexterity (+5).
   It protects you from fire.
   It affects your magic capacity (+9).
   It lets you see invisible.
 z - an uncursed ring of ice
 F - the ring of Fun (right paw) {*Drain rN+ MR+++ Str+6}
   (You acquired it in a bailey)

   [ring of positive energy]

   It affects your strength (+6).
   It protects you from negative energy.
   It affects your resistance to hostile enchantments.
   It causes draining when unequipped.
 J - the ring "Geshrun" {*Slow rN+ Str+4 Int+3}
   (You found it on level 6 of the Lair of Beasts)

   [ring of positive energy]

   It affects your strength (+4).
   It affects your intelligence (+3).
   It protects you from negative energy.
   It may slow you when you take damage.
 Q - an uncursed amulet of faith {unknown}
 R - an uncursed ring of wizardry {unknown}
 T - an uncursed ring of stealth {unknown}
Wands
 j - a wand of lightning (4/15)
 l - a wand of paralysis (8/24)
 n - a wand of random effects (26/48)
 o - a wand of iceblast (7/15)
 t - a wand of lightning (10/15)
 A - a wand of polymorph (6/24)
 D - a wand of enslavement (14/24)
 K - a wand of iceblast (11/15)
 N - a wand of acid (2/15)
Scrolls
 a - 4 scrolls of fog
 f - 4 scrolls of magic mapping
 g - 2 scrolls of immolation
 h - 4 scrolls of recharging
 i - 22 scrolls of identify
 m - 9 scrolls of remove curse
 q - 3 scrolls of teleportation
 w - a scroll of holy word
 O - a scroll of vulnerability {unknown}
 P - a scroll of amnesia
Potions
 d - 5 potions of ambrosia
 e - 5 potions of flight
 p - 4 potions of haste
 v - 9 potions of curing
 B - 2 potions of brilliance
 C - a potion of resistance
 E - a potion of mutation
 G - a potion of heal wounds
 H - 4 potions of might
 U - a potion of agility
Books
 I - Sif Muna's Incunabulum of Fetching Black Magic
   (Sif Muna gifted it to you on level 6 of the Lair of Beasts)

   Spells                             Type                      Level
   a - Slow                           Hexes                        2
   b - Ensorcelled Hibernation        Hexes/Ice                    2
   c - Corpse Rot                     Necromancy                   2
   d - Vampiric Draining              Necromancy                   3
   e - Metabolic Englaciation         Hexes/Ice                    5
   f - Discord                        Hexes                        8
 L - Sif Muna's Guide on Bewitching Transmutation
   (Sif Muna gifted it to you on level 12 of the Dungeon)

   Spells                             Type                      Level
   a - Confusing Touch                Hexes                        1
   b - Inner Flame                    Hexes/Fire                   3
   c - Ice Form                       Ice/Transmutation            4
   d - Silence                        Hexes/Air                    5
 M - a book of Battle

   Spells                             Type                      Level
   a - Infusion                       Charms                       1
   b - Shroud of Golubria             Charms/Translocation         2
   c - Song of Slaying                Charms                       2
   d - Spectral Weapon                Hexes/Charms                 3
   e - Regeneration                   Charms/Necromancy            3
 S - Jokhac's Disquisition on Transformation and Evil
   (Sif Muna gifted it to you on level 1 of the Elven Halls)

   Spells                             Type                      Level
   a - Animate Skeleton               Necromancy                   1
   b - Sublimation of Blood           Necromancy                   2
   c - Bolt of Draining               Conjuration/Necromancy       5
   d - Cigotuvi's Embrace             Necromancy                   5
   e - Alistair's Intoxication        Transmutation/Poison         5
   f - Hydra Form                     Transmutation                6
   g - Dragon Form                    Transmutation                7
Comestibles
 b - 15 meat rations
 s - 6 royal jellies
 V - 3 chunks of flesh


   Skills:
 - Level 7.5 Fighting
 - Level 10.2 Dodging
 - Level 16.1 Stealth
 + Level 12.4 Unarmed Combat
 + Level 10.7 Spellcasting
 * Level 21.7 Hexes
 + Level 6.0 Transmutations
 - Level 4.7 Ice Magic
 + Level 5.1 Earth Magic
 + Level 2.0 Invocations


You had 8 spell levels left.
You knew the following spells:

 Your Spells              Type           Power        Failure   Level  Hunger
a - Confuse               Hex            ########     1%          3    None
b - Ensorcelled Hibernat  Hex/Ice        ######       1%          2    None
c - Tukima's Dance        Hex            ########     1%          3    None
d - Dazzling Spray        Conj/Hex       ######       1%          3    None
e - Passwall              Tmut/Erth      ######....   1%          2    None
f - Discord               Hex            ########..   5%          8    #######
p - Invisibility          Hex            ########     1%          6    #####..


Dungeon Overview and Level Annotations

Branches:
Dungeon (15/15)            Temple (0/1) D:6            Lair (6/6) D:8
 Shoals (0/4) Lair:4       Spider (1/4) Lair:3        Slime (0/5) Lair:6
    Orc (2/2) D:9             Elf (2/3) Orc:2        Vaults (0/5) D:14
 Depths (0/5) D:15

Altars:
Ashenzari
Hepliaklqana
Kikubaaqudgha
Makhleb
Okawaru
Sif Muna
Vehumet
Wu Jian
Xom
Yredelemnul
Beogh

Shops:
D:7 =   D:9 !   D:14 :   Orc:1 %   Orc:2 [*[*   Elf:1 [

Annotations:
Orc:1 2 runed doors, exclusion: orange crystal statue
Elf:2 Agnes


Innate Abilities, Weirdness & Mutations

You cannot wear armour.
You are incapable of wielding weapons or throwing items.
Your paws allow you to move quietly. (Stealth)
You have sharp claws.
You have razor-sharp teeth.
You have supernaturally acute eyesight. (SInv)
You are carnivorous and can eat meat at any time.
You cover ground quickly.
Your thick and shaggy fur keeps you warm. (AC +3, rC+)
You have a slow metabolism.
Your sharp claws are effective at attacking unaware monsters.
You are agile. (Dex +2)
Your mind is acute. (Int +2)
Your flesh is cold resistant. (rC+)
Your magical capacity is low. (-10% MP)
Your system is resistant to poisons. (rPois)
Your spells are a little harder to cast, but a little more powerful.


Message History

The hand axe of electrocution misses you.
The hand axe of electrocution barely misses your vampiric lajatang.
An arrow appears from out of your range of vision.
The arrow closely misses your vampiric lajatang.
Agnes hits you.
Casting: Tukima's Dance
Confirm with . or Enter, or press ? or * to list all spells.
Aiming: Confuse
Press: ? - help, Shift-Dir - straight line, f/p - Agnes
Aim: Agnes, wearing a robe (lightly wounded, chance to defeat MR: 25%) Agnes resists with almost no effort.
Agnes completely misses you.
Your vampiric lajatang hits Agnes!!
The hand axe of electrocution hits you!
You are electrocuted!
* * * LOW HITPOINT WARNING * * *
The hand axe of electrocution completely misses your vampiric lajatang.
The halberd of distortion completely misses you.
Agnes completely misses you. The hand axe of electrocution hits you.
* * * LOW HITPOINT WARNING * * *
You are electrocuted!
You die...

#......##
######### #.....##
## ##
##.....####.## #.#
##.....##...##...
##...............
#................
#......#..........
##....###.........
##..## ##@.......
#.. #(i(......
#... #.().......
... .............
...............
...............
............(..
..........(....
..............(


You could see Agnes, 4 dancing weapons and a friendly vampiric lajatang.

Vanquished Creatures
  Gastronok (D:12)
  Kirke (Lair:4)
  A deep elf sorcerer (Elf:1)
  Louise (D:14)
  A stone giant (Orc:2)
  A deep elf demonologist (Elf:2)
  Azrael (Orc:2)
  The ghost of zero the Cleaver, a journeyman GrBe of Trog (Lair:6)
  A minotaur (Lab)
  A fire dragon (D:15)
  A yaktaur captain (D:14)
  Harold (Lair:3)
  An ice dragon (D:15)
  Fannar (Lair:3)
  7 hydras
  4 centaur warriors
  A catoblepas (D:15)
  7 two-headed ogres
  Erica (D:10)
  The ghost of graki42 the Cleaver, a novice HOBe of Trog (D:8)
  A tengu warrior (D:14)
  3 death yaks (Lair:6)
  Urug (D:10)
  9 dancing weapons
  4 orc high priests
  Sonja (D:13)
  8 deep elf knights
  A skeletal warrior (D:10)
  An unseen horror (D:11)
  Pikel (D:4)
  22 deep elf magi
  2 wizards (Elf:1)
  5 deep elf archers
  8 orc knights
  2 ugly things
  5 cyclopes
  3 wolf spiders
  2 manticores
  7 black mambas
  7 elephants
  10 spiny frogs
  3 centaur skeletons
  3 gargoyles
  3 rime drakes
  7 komodo dragons
  2 yaktaurs (D:14)
  4 jumping spiders
  3 merfolk
  6 hornets
  8 trolls
  5 polar bears
  17 blink frogs
  4 slime creatures (D:14)
  8 hippogriffs
  Prince Ribbit (D:7)
  3 air elementals (Elf:1)
  10 dream sheep
  Sigmund (D:3)
  14 spriggans
  3 wyverns
  A vampire (D:11)
  5 hogs (Lair:4)
  A basilisk (Lair:4)
  21 yaks
  5 fire elementals
  A hungry ghost (D:10)
  5 vampire mosquitoes (D:13)
  3 wargs
  8 swamp worms (Lair:5)
  A steam dragon (D:10)
  2 soldier ants
  A hell hound (Orc:2)
  9 porcupines
  14 water moccasins
  2 slaves (D:4)
  4 sky beasts
  39 orc warriors
  8 black bears
  5 ice beasts
  A necrophage (D:13)
  8 ogres
  2 phantoms
  24 wolves
  6 boggarts
  21 centaurs
  10 crocodiles
  2 big kobolds
  19 bullfrogs
  A gnoll sergeant (Orc:1)
  6 earth elementals
  3 scorpions
  8 wights
  4 howler monkeys
  3 lava snakes (D:14)
  8 crimson imps
  2 bullfrog zombies
  2 centaur zombies
  A quasit (D:15)
  34 orc priests
  5 hounds
  5 jellies
  5 bullfrog skeletons
  15 orc wizards
  Jessica (D:2)
  3 iguanas
  9 worker ants
  A hound skeleton (D:5)
  A worker ant zombie (D:5)
  A howler monkey zombie (D:8)
  12 gnolls
  A howler monkey skeleton (D:5)
  27 adders
  2 shadow imps
  2 oozes
  14 worms
  2 dart slugs (D:1)
  7 leopard geckos
  118 orcs
  5 bats
  2 giant cockroaches
  6 goblins
  6 hobgoblins
  3 jackals
  2 quokkas
  A ball python (D:3)
  4 frilled lizards
  14 kobolds
  2 leopard gecko skeletons
  A leopard gecko zombie (D:8)
  A quokka skeleton (D:4)
  7 rats
828 creatures vanquished.

Vanquished Creatures (collateral kills)
  3 two-headed ogres
  An ogre mage (D:15)
  3 skeletal warriors (D:11)
  3 deep elf magi (Elf:1)
  2 orc knights
  2 meliai (D:15)
  A redback (Lair:3)
  A hell hound (Orc:2)
  3 ogres (D:15)
19 creatures vanquished.

Vanquished Creatures (others)
  A deep elf demonologist (Elf:1)
  A dancing weapon (Elf:1)
  A two-headed ogre (D:15)
  A deep elf knight (Elf:1)
  2 orc high priests (Orc:2)
  An orc knight (Orc:2)
  A meliai (D:15)
  An ogre (D:15)
  A slave (D:4)
  An orc priest (D:4)
  An orc wizard (D:4)
  A worker ant (D:4)
  4 orcs (D:4)
  A quokka (D:4)
  38 fungi
  56 plants
112 creatures vanquished.

Grand Total: 959 creatures vanquished

Notes
Turn   | Place    | Note
-------+----------+-------------------------------------------
     0 | D:1      | Hasart the Felid Enchanter began the quest for the Orb.
     0 | D:1      | Reached XP level 1. HP: 7/7 MP: 4/4
   506 | D:1      | Reached skill level 5 in Hexes
   506 | D:1      | Reached XP level 2. HP: 11/11 MP: 6/6
   680 | D:1      | Learned a level 2 spell: Ensorcelled Hibernation
  1340 | D:2      | Reached XP level 3. HP: 14/14 MP: 7/7
  1348 | D:2      | Learned a level 3 spell: Confuse
  1688 | D:2      | Reached skill level 6 in Hexes
  1714 | D:2      | Noticed Jessica
  1718 | D:2      | Killed Jessica
  1718 | D:2      | Reached XP level 4. HP: 18/18 MP: 8/8
  2787 | D:3      | Reached skill level 7 in Hexes
  3247 | D:3      | Reached XP level 5. HP: 21/21 MP: 0/9
  3458 | D:3      | Noticed Sigmund
  3483 | D:3      | Killed Sigmund
  3483 | D:3      | Reached skill level 5 in Stealth
  3483 | D:3      | Reached skill level 8 in Hexes
  3483 | D:3      | Gained mutation: You are covered in thick fur. (AC +2) [Felid growth]
  3483 | D:3      | Reached XP level 6. HP: 9/24 MP: 0/10
  3751 | D:3      | Noticed an ice beast
  3771 | D:3      | Killed an ice beast
  4360 | D:3      | Found a burning altar of Makhleb.
  4364 | D:3      | Reached skill level 9 in Hexes
  4364 | D:3      | Reached XP level 7. HP: 27/27 MP: 11/11
  4725 | D:4      | Noticed Pikel
  4826 | D:4      | Learned a level 3 spell: Dazzling Spray
  5298 | D:4      | Found a hazy altar of Hepliaklqana.
  5464 | D:4      | Killed Pikel
  5464 | D:4      | Reached skill level 10 in Hexes
  5464 | D:4      | Reached XP level 8. HP: 28/31 MP: 4/12
  5481 | D:4      | Reached skill level 5 in Unarmed Combat
  5541 | D:4      | Reached skill level 11 in Hexes
  5905 | D:4      | Found a deep blue altar of Sif Muna.
  5910 | D:4      | Became a worshipper of Sif Muna the Loreminder
  5999 | D:5      | Entered Level 5 of the Dungeon
  6253 | D:5      | Found a shimmering altar of Xom.
  7853 | D:6      | Reached skill level 1 in Fighting
  8156 | D:6      | Found a staircase to the Ecumenical Temple.
  8598 | D:7      | Noticed Prince Ribbit
  8611 | D:7      | Killed Prince Ribbit
  8627 | D:7      | Reached XP level 9. HP: 26/36 MP: 0/14
  8803 | D:7      | Found a shattered altar of Ashenzari.
  8859 | D:7      | Reached skill level 12 in Hexes
  8881 | D:7      | Found an ornate altar of the Wu Jian Council.
  9135 | D:7      | Found a radiant altar of Vehumet.
  9370 | D:7      | Found Dikhlyhie's Jewellery Shop.
  9628 | D:8      | Reached * piety under Sif Muna
  9663 | D:8      | Noticed graki42's ghost (novice HOBe)
  9761 | D:8      | Noticed Erica
  9761 | D:8      | Noticed a two-headed ogre
 10602 | D:8      | Killed a two-headed ogre
 10602 | D:8      | Reached skill level 5 in Dodging
 10602 | D:8      | Reached skill level 13 in Hexes
 10720 | D:8      | Found a staircase to the Lair.
 11188 | Lair:1   | Entered Level 1 of the Lair of Beasts
 11197 | Lair:1   | Found a labyrinth entrance.
 11198 | Lair:1   | Noticed an eight-headed hydra
 11200 | Lab      | Entered a labyrinth
 11309 | Lab      | Noticed a minotaur
 11324 | Lab      | Slain by a minotaur
 11325 | Lab      | Reached XP level 8. HP: -5/34 MP: 2/14
 11638 | Lab      | Slain by a minotaur
 11639 | Lab      | Reached XP level 7. HP: -3/31 MP: 5/13
 11755 | Lab      | Gained mutation: You are frail. (-10% HP) [potion of mutation]
 11755 | Lab      | Gained mutation: You are somewhat resistant to further mutation. [potion of mutation]
 11755 | Lab      | Gained mutation: You can translocate small distances at will. [potion of mutation]
 11768 | Lab      | Killed a minotaur
 11768 | Lab      | Reached XP level 8. HP: 17/32 MP: 2/15
 11816 | Lab      | Identified the Grimoire of Bewitchment and Creation
 11878 | Lab      | Learned a level 3 spell: Tukima's Dance
 11906 | Lair:1   | Noticed a spiny frog
 11924 | Lair:1   | Killed a spiny frog
 11924 | Lair:1   | Reached ** piety under Sif Muna
 11924 | Lair:1   | Reached XP level 9. HP: 33/35 MP: 13/16
 11992 | Lair:1   | Noticed a spiny frog
 11997 | Lair:1   | Noticed a komodo dragon
 12068 | Lair:1   | Killed an eight-headed hydra
 12068 | Lair:1   | Reached skill level 10 in Stealth
 12145 | Lair:1   | Killed a komodo dragon
 12145 | Lair:1   | Reached skill level 14 in Hexes
 12290 | Lair:1   | Killed a spiny frog
 12935 | Lair:2   | Noticed a spiny frog
 12942 | Lair:2   | Killed a spiny frog
 13035 | Lair:2   | Reached XP level 10. HP: 38/38 MP: 18/18
 13038 | Lair:2   | Noticed a black mamba
 13043 | Lair:2   | Noticed a spiny frog
 13056 | Lair:2   | Killed a spiny frog
 13056 | Lair:2   | Reached skill level 5 in Spellcasting
 13073 | Lair:2   | Killed a black mamba
 13309 | Lair:2   | Reached skill level 5 in Fighting
 13420 | Lair:2   | Noticed a black mamba
 13433 | Lair:2   | Killed a black mamba
 13436 | Lair:2   | Noticed a wolf spider
 13768 | Lair:2   | Noticed a spiny frog
 13776 | Lair:2   | Killed a spiny frog
 14025 | Lair:2   | Killed a wolf spider
 14025 | Lair:2   | Reached skill level 15 in Hexes
 14508 | Lair:3   | Noticed a spiny frog
 14511 | Lair:3   | Noticed Fannar
 14574 | Lair:3   | Reached *** piety under Sif Muna
 14574 | Lair:3   | Reached skill level 1 in Ice Magic
 14610 | Lair:3   | Reached XP level 11. HP: 43/43 MP: 11/20
 15118 | Lair:3   | Noticed a six-headed hydra
 15755 | Lair:3   | Noticed Harold
 15778 | Lair:3   | Killed Harold
 16020 | Lair:3   | Noticed a wolf spider
 16021 | Lair:3   | Found a hole to the Spider Nest.
 16023 | Lair:3   | Noticed a wolf spider
 16609 | Lair:3   | Killed a wolf spider
 16743 | Lair:3   | Killed Fannar
 16756 | Lair:3   | Killed a six-headed hydra
 16756 | Lair:3   | Reached skill level 16 in Hexes
 17048 | Lair:3   | Killed a wolf spider
 17264 | Lair:4   | Noticed Kirke
 17532 | D:8      | Reached **** piety under Sif Muna
 17618 | D:8      | Killed graki42's ghost
 17618 | D:8      | Gained mutation: Your thick and shaggy fur keeps you warm. (AC +3, rC+) [Felid growth]
 17618 | D:8      | Reached XP level 12. HP: 47/47 MP: 15/22
 17759 | D:8      | Found a basalt altar of Yredelemnul.
 17985 | D:9      | Found Deqiru Cuclu's Distillery.
 18115 | D:9      | Found a staircase to the Orcish Mines.
 18215 | D:9      | Found an ancient bone altar of Kikubaaqudgha.
 18882 | D:10     | Entered Level 10 of the Dungeon
 18996 | D:10     | Killed Erica
 19512 | D:10     | Noticed Urug
 19528 | D:10     | Killed Urug
 20223 | D:11     | Demolished by a skeletal warrior
 20224 | D:11     | Reached XP level 11. HP: -15/44 MP: 21/21
 20338 | D:11     | Noticed an unseen horror
 20345 | D:11     | Killed an unseen horror
 20355 | D:11     | Noticed a two-headed ogre
 20596 | D:11     | Killed a two-headed ogre
 20596 | D:11     | Reached skill level 17 in Hexes
 20678 | D:11     | Noticed a two-headed ogre
 20694 | D:11     | Killed a two-headed ogre
 20814 | D:11     | HP: 1/45 [centaur/arrow (13)]
 21324 | D:11     | Noticed a two-headed ogre
 21341 | D:11     | Killed a two-headed ogre
 21750 | Orc:1    | Entered Level 1 of the Orcish Mines
 21796 | D:9      | Reached ***** piety under Sif Muna
 22026 | Orc:1    | Found a flagged portal.
 22056 | Bailey   | Entered a bailey
 22245 | Bailey   | Received a gift from Sif Muna
 22253 | Bailey   | Reached XP level 12. HP: 42/48 MP: 2/23
 22273 | Bailey   | Learned a level 6 spell: Invisibility
 22671 | Bailey   | Identified a scroll of acquirement
 22672 | Bailey   | Got a coiled pewter ring
 22674 | Bailey   | Identified the ring of Fun {*Drain rN+ MR+++ Str+6} (You acquired it in a bailey)
 22767 | Bailey   | Reached skill level 10 in Dodging
 23342 | Orc:1    | Noticed an orc high priest
 23351 | Orc:1    | Gained mutation: You are occasionally teleported next to monsters. [mutagenic glow]
 23361 | Orc:1    | Killed an orc high priest
 23577 | Orc:1    | Lost mutation: You are frail. (-10% HP) [potion of mutation]
 23577 | Orc:1    | Lost mutation: You can translocate small distances at will. [potion of mutation]
 23577 | Orc:1    | Lost mutation: You are occasionally teleported next to monsters. [potion of mutation]
 23577 | Orc:1    | Gained mutation: You tend to lose your temper in combat. [potion of mutation]
 23577 | Orc:1    | Gained mutation: Your mind is acute. (Int +2) [potion of mutation]
 23577 | Orc:1    | Gained mutation: You are clumsy. (Dex -2) [potion of mutation]
 23619 | Orc:1    | Found a runed door.
 23623 | Orc:1    | Found the +10 large shield of Ignorance {rN+ Int-4}
 23688 | Orc:1    | Learned a level 2 spell: Passwall
 23996 | Orc:1    | Found a runed door.
 24070 | Orc:1    | Found Kiphil's Food Shoppe.
 24200 | Orc:2    | Entered Level 2 of the Orcish Mines
 24200 | Orc:2    | Noticed a two-headed ogre
 24204 | Orc:2    | Killed a two-headed ogre
 24376 | Orc:2    | Found a staircase to the Elven Halls.
 24404 | Orc:2    | Found a roughly hewn altar of Beogh.
 24572 | Orc:2    | Reached skill level 1 in Transmutations
 25114 | D:7      | Bought the amulet "Rusche" {Fragile rF+++ Regen+ Int+4 SInv} for 1106 gold pieces
 25304 | Orc:2    | Noticed a stone giant
 25310 | Orc:2    | Killed a stone giant
 25310 | Orc:2    | Reached skill level 1 in Earth Magic
 25484 | Orc:2    | Noticed an orc high priest
 25494 | Orc:2    | Killed an orc high priest
 25903 | Orc:2    | Noticed an orc high priest
 25904 | Orc:2    | Noticed an orc high priest
 25959 | Orc:2    | Killed an orc high priest
 26257 | Orc:2    | Killed an orc high priest
 26531 | Orc:2    | Noticed Azrael
 26754 | Orc:2    | Noticed an orc high priest
 26758 | Orc:2    | Received a gift from Sif Muna
 26893 | Orc:2    | Killed an orc high priest
 26957 | Orc:2    | Reached XP level 13. HP: 57/57 MP: 21/25
 27164 | Orc:2    | Killed Azrael
 27341 | Orc:2    | Found Vahuez's Assorted Antiques.
 27341 | Orc:2    | Found Ythrumm's Antique Armour Emporium.
 27342 | Orc:2    | Found Alatia's General Store.
 27342 | Orc:2    | Found Myrie's Armour Shoppe.
 27375 | Orc:2    | Bought a scroll of holy word for 105 gold pieces
 27375 | Orc:2    | Bought a scroll of teleportation for 42 gold pieces
 27375 | Orc:2    | Bought a potion of curing for 42 gold pieces
 27376 | Orc:2    | Bought a potion of curing for 84 gold pieces
 27696 | Lair:4   | Found a staircase to the Shoals.
 28279 | Lair:4   | Reached skill level 18 in Hexes
 28497 | Lair:4   | Reached skill level 10 in Unarmed Combat
 28727 | Lair:4   | Killed Kirke
 29715 | Lair:5   | Slain by a swamp worm
 29716 | Lair:5   | Reached XP level 12. HP: -2/54 MP: 25/25
 29757 | Lair:5   | Noticed a seven-headed hydra
 29760 | Lair:5   | Killed a seven-headed hydra
 30245 | Lair:5   | Got a slimy bone ring
 30247 | Lair:5   | Identified the ring of Xuyf Zidiho {rF+ MP+9 Dex+5 SInv} (You found it on level 5 of the Lair of Beasts)
 30359 | Lair:5   | Reached skill level 5 in Transmutations
 30506 | Lair:6   | Entered Level 6 of the Lair of Beasts
 30557 | Lair:5   | Reached XP level 13. HP: 33/57 MP: 13/26
 31055 | Lair:6   | Identified Sif Muna's Incunabulum of Fetching Black Magic (Sif Muna gifted it to you on level 6 of the Lair of Beasts)
 31055 | Lair:6   | Received a gift from Sif Muna
 31099 | Lair:5   | Learned a level 8 spell: Discord
 31791 | Lair:6   | Got a scorched wooden ring
 31793 | Lair:6   | Identified the ring "Geshrun" {*Slow rN+ Str+4 Int+3} (You found it on level 6 of the Lair of Beasts)
 32036 | Lair:6   | Found a staircase to the Slime Pits.
 32158 | Lair:6   | Reached skill level 19 in Hexes
 32419 | Lair:6   | Noticed zero's ghost (journeyman GrBe)
 32526 | Lair:6   | Killed zero's ghost
 33276 | D:10     | Reached skill level 15 in Stealth
 33906 | D:12     | Noticed Gastronok
 34019 | D:12     | Killed Gastronok
 34036 | D:12     | Reached XP level 14. HP: 61/61 MP: 28/28
 34079 | D:12     | Found an iron altar of Okawaru.
 34185 | D:12     | Identified Sif Muna's Guide on Bewitching Transmutation (Sif Muna gifted it to you on level 12 of the Dungeon)
 34185 | D:12     | Received a gift from Sif Muna
 34719 | D:12     | Gained mutation: Your magical capacity is low. (-10% MP) [mutagenic glow]
 34788 | D:12     | Lost mutation: You are somewhat resistant to further mutation. [potion of mutation]
 34788 | D:12     | Lost mutation: You are clumsy. (Dex -2) [potion of mutation]
 34788 | D:12     | Lost mutation: You tend to lose your temper in combat. [potion of mutation]
 34788 | D:12     | Gained mutation: Your system is resistant to poisons. (rPois) [potion of mutation]
 34788 | D:12     | Gained mutation: You are agile. (Dex +2) [potion of mutation]
 34788 | D:12     | Gained mutation: Your spells are a little harder to cast, but a little more powerful. [potion of mutation]
 34788 | D:12     | Gained mutation: Your flesh is cold resistant. (rC+) [potion of mutation]
 34825 | D:13     | Noticed Sonja
 34840 | D:13     | Killed Sonja
 35906 | D:14     | Reached skill level 20 in Hexes
 36241 | D:14     | Found Ytta's Book Emporium.
 36242 | D:14     | Noticed Louise
 36249 | D:14     | Killed Louise
 36362 | D:14     | Found a gate to the Vaults.
 36822 | D:15     | Entered Level 15 of the Dungeon
 36833 | D:15     | Reached skill level 10 in Spellcasting
 37105 | D:15     | Found a staircase to the Depths.
 37585 | Spider:1 | Entered Level 1 of the Spider Nest
 37791 | Elf:1    | Entered Level 1 of the Elven Halls
 37870 | Elf:1    | Identified Jokhac's Disquisition on Transformation and Evil (Sif Muna gifted it to you on level 1 of the Elven Halls)
 37870 | Elf:1    | Received a gift from Sif Muna
 38236 | Elf:1    | Reached XP level 15. HP: 64/64 MP: 27/27
 38291 | Elf:1    | Reached skill level 21 in Hexes
 38626 | Elf:1    | Noticed a deep elf sorcerer
 38639 | Elf:1    | Killed a deep elf sorcerer
 38736 | Elf:1    | Found Ishrowuh's Armour Boutique.
 39993 | Elf:2    | Reached skill level 1 in Invocations
 40212 | Elf:2    | Noticed a Brimstone Fiend
 40603 | Elf:2    | Found a large runed door.
 40603 | Elf:2    | Found a large runed door.
 40612 | Elf:2    | Found a large runed door.
 40612 | Elf:2    | Found a large runed door.
 40617 | Elf:2    | Reached skill level 5 in Earth Magic
 40755 | Elf:2    | Noticed Agnes
 40761 | Elf:2    | HP: 2/64 [Agnes (25)]
 40763 | Elf:2    | Slain by a hand axe of electrocution

Vault maps used:
D:1:      elethiomel_arrival_quiet, hex_large
D:2:      uniq_jessica
D:3:      makhleb_grotto_becter, first_bread, uniq_sigmund
D:4:      marbit_many_paths, overflow_temple_1_default,
          kennysheep_generic_room_8, uniq_pikel
D:5:      kennysheep_mini, sigmund_army
D:6:      temple_statues
D:7:      nicolae_ashenzari_panopticon, fiery_altar_vehumet, old_standard_altar,
          serial_shops, nicolae_shop_trees, uniq_prince_ribbit1
D:8:      old_standard_altar, dpeg_oklobed_lair, uniq_erica
D:9:      lemuel_crystal_altar, orc_0_dummy, serial_shops,
          nicolae_shop_competitors_out_of_business
D:10:     the_bakery, uniq_urug
D:11:     minivault_23
D:12:     okawaru_ov_weapons_minmay, uniq_gastronok
D:13:     uniq_sonja
D:14:     david_vaults_2, kennysheep_boxes, serial_shops, shop_fountains,
          uniq_louise
D:15:     grunt_enter_depths_hoard, nrook_mini_backslash
Lair:1:   lab_entry_generic, serial_bayou_shore_b
Lair:2:   minmay_lair_venomous_thicket, beast_lair_carwin_5, lemuel_fruit_fields
Lair:3:   spider_nest_entry_funnel_web, uniq_fannar, uniq_harold
Lair:4:   elwin_shoals_entry_stream, nicolae_volcano_entry_two_sided, uniq_kirke
Lair:5:   minivault_26, worms_lemuel, grunt_megastairs_5
Lair:6:   minmay_lair_end_enchanted_forest, nicolae_slime_entry_slimehenge
Spider:1: spider_trap, uniq_josephine
Orc:1:    serial_shops, nicolae_shop_behind_doors, enter_bailey_2,
          chequers_guarded_unrand_ignorance
Orc:2:    st_orc_pillars, basic_altar, uniq_azrael
Elf:1:    eino_elf_arrival_shootout, serial_shops, shop,
          hangedman_elf_disciples, minmay_misc_feat_rows
Elf:2:    basic_loot_grate_trap, uniq_agnes
Lab:      labyrinth_spiral, nicolae_lab_arrow, nicolae_lab_diamond,
          nicolae_lab_very_dead_end
Bailey:   bailey_polearm_5, bailey

Skill      XL: |  1  2  3  4  5  6  7  8  9 10 11 12 13 14 15 |
---------------+----------------------------------------------+-----
Hexes          | 5 6 7 8 9 10 11 14 15 17 19 20 21 | 21.7
Unarmed Combat | 2 3 4 5 7 9 11 12 | 12.4
Stealth        | 5 7 8 10 11 13 15 16 | 16.1
Dodging        | 6 3 5 7 9 10 | 10.2
Fighting       | 1 4 5 7 |  7.5
Spellcasting   | 4 3 5 6 7 9 10 | 10.7
Ice Magic      | 1 4 |  4.7
Transmutations | 5 4 6 |  6.0
Earth Magic    | 4 3 5 |  5.1
Invocations    | 2 |  2.0

Action                   |  1- 3 |  4- 6 |  7- 9 | 10-12 | 13-15 || total
-------------------------+-------+-------+-------+-------+-------++-------
Melee: Unarmed           |    93 |   159 |   364 |  1043 |   875 ||  2534
       Bite              |     4 |    11 |    25 |    82 |   102 ||   224
       Punch             |     1 |     4 |     7 |    37 |    38 ||    87
 Cast: Corona            |     4 |     4 |     1 |       |       ||     9
       Ensorcelled Hiber |     7 |     6 |    31 |    60 |    19 ||   123
       Confuse           |       |    24 |    82 |   283 |   284 ||   673
       Dazzling Spray    |       |       |    10 |    38 |    42 ||    90
       Tukima's Dance    |       |       |       |     9 |    11 ||    20
       Invisibility      |       |       |       |     9 |    15 ||    24
       Discord           |       |       |       |       |     4 ||     4
  Use: Scroll            |       |       |    15 |    12 |       ||    27
       Potion            |       |       |     7 |     8 |     2 ||    17
 Stab: Sleeping          |    11 |    11 |    32 |    60 |    72 ||   186
       Confused          |       |    14 |    51 |   154 |   150 ||   369
       Invisible         |       |       |       |    44 |    44 ||    88
       Distracted        |       |       |       |     2 |    11 ||    13
  Eat: Chunk             |    10 |     8 |    29 |    53 |    33 ||   133
Armor: Skin              |     8 |     4 |    10 |    30 |    15 ||    67
Dodge: Dodged            |    78 |   107 |   184 |   729 |   638 ||  1736

Table legend:
 A = Spawn XP
 B = Non-spawn XP
 C = Spawn XP percentage of total XP
 D = Spawn monster count
 E = Non-spawn monster count
 F = Spawn count percentage of total count
 G = Total turns spent on level
                    A         B        C        D         E        F      G
               +---------+---------+-------+---------+---------+-------+---------
         Total |       0 |  173002 |   0.0 |       0 |     854 |   0.0 | 40763
               +---------+---------+-------+---------+---------+-------+---------
           D:1 |       0 |      34 |   0.0 |       0 |      16 |   0.0 |  1003
           D:2 |       0 |     103 |   0.0 |       0 |      15 |   0.0 |  1773
           D:3 |       0 |     597 |   0.0 |       0 |      36 |   0.0 |  2039
           D:4 |       0 |    1092 |   0.0 |       0 |      21 |   0.0 |  1811
           D:5 |       0 |     402 |   0.0 |       0 |      17 |   0.0 |  1144
           D:6 |       0 |     282 |   0.0 |       0 |      12 |   0.0 |   828
           D:7 |       0 |    1077 |   0.0 |       0 |      18 |   0.0 |  2114
           D:8 |       0 |    2577 |   0.0 |       0 |      19 |   0.0 |   974
           D:9 |       0 |    1367 |   0.0 |       0 |      30 |   0.0 |  1343
          D:10 |       0 |    4857 |   0.0 |       0 |      27 |   0.0 |  1515
          D:11 |       0 |   10144 |   0.0 |       0 |      51 |   0.0 |  2288
          D:12 |       0 |    5491 |   0.0 |       0 |      32 |   0.0 |   737
          D:13 |       0 |    8644 |   0.0 |       0 |      37 |   0.0 |  1229
          D:14 |       0 |   14217 |   0.0 |       0 |      35 |   0.0 |  1137
          D:15 |       0 |    6852 |   0.0 |       0 |      20 |   0.0 |   469
        Lair:1 |       0 |    2617 |   0.0 |       0 |       8 |   0.0 |  1177
        Lair:2 |       0 |    6381 |   0.0 |       0 |      37 |   0.0 |  2460
        Lair:3 |       0 |    8991 |   0.0 |       0 |      30 |   0.0 |  2125
        Lair:4 |       0 |    8752 |   0.0 |       0 |      27 |   0.0 |  1514
        Lair:5 |       0 |   11816 |   0.0 |       0 |      53 |   0.0 |  2116
        Lair:6 |       0 |   18343 |   0.0 |       0 |      76 |   0.0 |  1850
      Spider:1 |       0 |     301 |   0.0 |       0 |       1 |   0.0 |     5
         Orc:1 |       0 |    2998 |   0.0 |       0 |      40 |   0.0 |  1682
         Orc:2 |       0 |   13572 |   0.0 |       0 |      94 |   0.0 |  3084
         Elf:1 |       0 |   21008 |   0.0 |       0 |      39 |   0.0 |  1557
         Elf:2 |       0 |   15152 |   0.0 |       0 |      22 |   0.0 |   915
           Lab |       0 |    1085 |   0.0 |       0 |       1 |   0.0 |   679
        Bailey |       0 |    4250 |   0.0 |       0 |      40 |   0.0 |  1195
               +---------+---------+-------+---------+---------+-------+---------
